montu, lawful male human Wizard --- ----l-- |. |.....| |. ---------.- |.....| . . |.......... |....<. .. +........ |...(.| # |... ..... |......## ### #... -|- |.....| # # # #|.. #### --@---- ### ### #--- # l )# # # ## ### --.---.----- # -----.----- # |..........| # |.........| ### ...........| # |.........| # |..........| -------# |.........| ##...........| |.....|# |.........| |..........| |.....|# |.........| |..........| .......# ----------- ------------ ------- montu the Thaumaturge Experience level: 8 Strength: 3 Dexterity: 17 Constitution: 15 Intelligence: 18 Wisdom: 10 Charisma: 9 Health: 0(85) Energy: 68(68) Def: -1 Gold: 0 Moves: 4615 Dungeon seed: AkGGMhGmsERD8VOr Game ID: montu_1704150625 Your Inventory: Armor Y - a cursed rusty -1 helm of opposite alignment (being worn) Spells and supernatural/magical abilities: Name Level Category Cost Memory a - force bolt 1 attack 6pw 93% l - light 1 divination 12pw 93% m - magic missile 2 attack 12pw 93% t - teleport away 5 escape 71pw 96% w - wizard lock 2 matter 25pw 93% V - teleportitis -- ability ? -- W - pray for help -- divine ? -- Your skills at the end: Fighting Skills wands [Basic] Weapon Skills quarterstaff [Skilled] Spellcasting Skills attack spells [Skilled] enchantment spells [Basic] Final Attributes: You were piously aligned. You were poison resistant. You were telepathic. You could teleport at will. You last prayed 170 turns ago. Ptah was noncommittal. You are dead. Vanquished creatures: a ghost a wizard a giant beetle 14 leprechauns an orc-captain a giant spider a dog a dust vortex an ape a soldier ant a wood nymph 3 rock piercers a rock mole a fog cloud a kobold mummy a gray ooze a paper golem 2 little dogs a floating eye a dwarf a kobold lord a rothe a rabid rat a monkey a wererat 4 iguanas 7 killer bees 7 coyotes 2 hobgoblins 2 giant rats 4 cave spiders a yellow mold 2 gnomes 3 garter snakes a gnome zombie 2 geckos 7 jackals a fox 2 goblins a sewer rat 7 grid bugs 2 bats 5 lichens 3 newts 104 creatures vanquished. Voluntary challenges: You used a wielded weapon 179 times, starting on turn 85. You read items or engraved 40 times, starting on turn 1797. You never genocided any monsters. You never polymorphed an object. You never changed form. You used no wishes. You never split a pudding. You wrote Elbereth's name 10 times, starting on turn 3873. You never violated your personal moral code. Dungeon overview: The Dungeons of Doom: levels 1 to 8 Level 1 a long staircase Level 2 a sink a long staircase Level 3 a fountain, a sink, a vault Level 4 Level 5 Level 6 Level 7 a fountain Level 8 <- You were here a vault History has recorded: On T:1 you entered the Dungeons of Doom to retrieve the Amulet of Yendor! On T:419 you reached level 2 of The Dungeons of Doom. On T:747 you advanced to experience level 2. On T:822 you reached level 3 of The Dungeons of Doom. On T:1055 you advanced to experience level 3. On T:1347 you reached level 4 of The Dungeons of Doom. On T:1576 you advanced to experience level 4. On T:1663 you reached level 5 of The Dungeons of Doom. On T:2281 you advanced to experience level 5. On T:2560 you reached level 6 of The Dungeons of Doom. On T:3047 you advanced to experience level 6. On T:3188 you reached level 7 of The Dungeons of Doom. On T:3563 you advanced to experience level 7. On T:3803 you reached level 8 of The Dungeons of Doom. On T:4517 you advanced to experience level 8. Score breakdown: Gold: 0 ( 0 points) Experience: 8 levels (14739 points) Exploration: 8 levels ( 15.38%) (11114 points) Discoveries: 4 items ( 1.34%) ( 3475 points) Valuables value: (no points given unless you survive) Artifact value: 0 ( 0 points) Variety of kills: 44 monsters ( 11.58%) (10208 points) Turncount: 4615 turns (-1236 points) Survival: died (score multiplied by 80%) Total score: 30640 Latest messages: You hit the leprechaun. The leprechaun hits! You feel more confident in your fighting skills. You hit the leprechaun. The leprechaun hits! You miss the leprechaun. The leprechaun hits! (2x) You hit the leprechaun. The leprechaun hits! You hit the leprechaun. The leprechaun hits! You hit the leprechaun. The leprechaun hits! You hit the leprechaun. The leprechaun hits! (2x) You hit the leprechaun. The leprechaun hits! You hit the leprechaun. The leprechaun hits! You hit the leprechaun. The leprechaun hits! You hit the leprechaun. The leprechaun hits! You die... Final status: Goodbye montu the Wizard, killed by a leprechaun... You died in The Dungeons of Doom on dungeon level 8 with 30640 points, and 0 pieces of gold, after 4615 moves. You were level 8 with a maximum of 85 hit points when you died.